 Dungeon Crawl Stone Soup version 0.19-a0-975-gfff5315 (webtiles) character file.

218594 inmateoo the Bludgeoner (level 19, -6/121 HPs)
             Began as a Gargoyle Arcane Marksman on July 13, 2016.
             Was the Champion of Okawaru.
             Killed from afar by a merfolk aquamancer (21 damage)
             ... with a great wave of water
             ... on level 4 of the Shoals.
             The game lasted 01:00:59 (35220 turns).

inmateoo the Bludgeoner (Gargoyle Arcane Marksman) Turns: 35220, Time: 01:01:00

Health: -6/121     AC: 51    Str: 24    XL:     19   Next: 12%
Magic:  0/25       EV: 13    Int: 18    God:    Okawaru [******]
Gold:   2405       SH: 29    Dex: 10    Spells: 0 memorised, 20 levels left

rFire  + + .     SeeInvis .     y - +9 eveningstar (flame)
rCold  + + .     Gourm    .     i - +4 plate armour {rN+}
rNeg   + + .     Faith    .     D - +7 large shield of Geruer {Str+5 Int+3}
rPois  ∞         Spirit   +     (helmet restricted)
rElec  +         Dismiss  .     F - +2 cloak {rC+}
rCorr  +         Reflect  .     n - +0 pair of gloves "Fuzol" {rElec rF++ MR+ Str-3}
SustAt .         Harm     .     g - +1 pair of boots
MR     ++...                    V - amulet of guardian spirit
Stlth  ..........               l - ring of protection from cold
                                h - ring of resist corrosion

@: heroism, finesse, flying, very slightly contaminated, hasted, very quick,
very resistant to hostile enchantments, extremely unstealthy
A: big wings, beak, rough black scales 1, thin metallic scales 2, agile 1,
blurry vision 3, low mp 1, mutation resistance 1, negative energy resistance 1,
electricity resistance, unbreathing, petrification resistance, rot immunity, AC
+13
a: Stop Flying, Heroism, Finesse, Renounce Religion
}: 1/15 runes: serpentine


You were on level 4 of the Shoals.
You worshipped Okawaru.
Okawaru was exalted by your worship.
You were very full.

You visited 6 branches of the dungeon, and saw 32 of its levels.
You also visited: Ice Cave and Volcano.

You collected 3329 gold pieces.
You spent 924 gold pieces at shops.

Inventory:

Hand Weapons
 y - a +9 eveningstar of flaming (weapon)
Armour
 g - a +1 pair of boots (worn)
 i - a +4 plate armour of positive energy (worn)
 n - the +0 pair of gloves "Fuzol" (worn) {rElec rF++ MR+ Str-3}
   (Okawaru gifted it to you on level 11 of the Dungeon)

   It affects your strength (-3).
   It greatly protects you from fire.
   It insulates you from electricity.
   It affects your resistance to hostile enchantments.
 o - a +2 helmet
 D - the +7 large shield of Geruer (worn) {Str+5 Int+3}
   (You acquired it on level 6 of the Lair of Beasts)

   It affects your strength (+5).
   It affects your intelligence (+3).
 F - a +2 cloak of cold resistance (worn)
Jewellery
 h - a ring of resist corrosion (left hand)
 k - an uncursed ring of sustain attributes
 l - a ring of protection from cold (right hand)
 L - an uncursed ring of positive energy
 V - an amulet of guardian spirit (around neck)
Wands
 e - a wand of confusion (6/48)
 j - a wand of paralysis (10/24)
 t - a wand of enslavement (21/24)
 v - a wand of disintegration (11/24)
 B - a wand of lightning (5/15)
 E - a wand of teleportation (5/9)
 O - a wand of digging (7/24)
 P - a wand of paralysis (9/24)
 Q - a wand of teleportation (6/9)
 R - a wand of confusion (26/48)
 W - a wand of polymorph (11/24)
 Y - a wand of hasting (4/9)
Scrolls
 m - 11 scrolls of teleportation
 p - a scroll of enchant weapon
 q - 6 scrolls of fog
 w - 7 scrolls of enchant armour
 x - 2 scrolls of fear
 A - 2 scrolls of magic mapping
 I - 3 scrolls of blinking
 M - 5 scrolls of identify
 U - 12 scrolls of remove curse
Potions
 a - 6 potions of lignification
 b - 9 potions of curing
 c - 4 potions of haste
 r - 9 potions of heal wounds
 s - 3 potions of cure mutation
 u - 5 potions of agility
 z - 3 potions of cancellation
 C - 3 potions of might
 G - 4 potions of ambrosia
 N - 6 potions of brilliance
 S - 4 potions of magic
 T - 3 potions of berserk rage
 Z - 5 potions of resistance
Miscellaneous
 d - a fan of gales (inert)
Comestibles
 f - 22 bread rations
 J - 14 meat rations
 X - 18 royal jellies


   Skills:
 + Level 14.0(19.0) Fighting
 * Level 18.8(23.8) Maces & Flails
 - Level 1.7(6.7) Throwing
 + Level 14.0(19.0) Armour
 + Level 10.4(15.4) Dodging
 + Level 14.1(19.1) Shields
 - Level 1.0 Spellcasting
   Level 2.6 Hexes
 + Level 12.4 Invocations


You had 20 spell levels left.
You didn't know any spells.

Dungeon Overview and Level Annotations

Branches:
Dungeon (15/15)            Temple (1/1) D:5            Lair (6/6) D:11
 Shoals (4/4) Lair:4        Snake (4/4) Lair:3        Slime (0/5) Lair:5
    Orc (2/2) D:12            Elf (0/3) Orc:2        Vaults (0/5) D:14
 Depths (0/5) D:15

Altars:
Ashenzari
Cheibriados
Dithmenos
Elyvilon
Fedhas
Gozag
Hepliaklqana
Kikubaaqudgha
Makhleb
Nemelex Xobeh
Okawaru
Pakellas
Qazlal
Ru
Sif Muna
Trog
Uskayaw
Vehumet
Xom
Yredelemnul
Zin
The Shining One
Beogh
Jiyva

Shops:
D:11 }   Orc:2 *:[(   Shoals:2 ![   Shoals:3 }   Shoals:4 (   Snake:2 [
Snake:4 (}=

Portals:
Trove: D:15 (give 8 potions of haste)

Annotations:
Shoals:4 tstbtto's ghost, adept MiFi


Innate Abilities, Weirdness & Mutations

You are resistant to torment.
Your stone body is resilient. (AC +13)
You are immune to poison.
Your large and strong wings let you fly indefinitely.
You resist negative energy. (rN+)
You are resistant to electric shocks. (rElec)
You can survive without breathing.
You are immune to petrification.
You are immune to rotting.
You have a beak for a mouth.
You are partially covered in rough black scales. (AC +4, Dex -1)
You are mostly covered in thin metallic scales. (AC +3)
You are agile. (Dex +2)
Scrolls take you much longer to read.
Your magical capacity is low. (-10% MP)
You are somewhat resistant to further mutation.


Message History

You hear a splash.
The siren chants a haunting song.
You resist with almost no effort.
The siren chants a haunting song.
You resist with some effort.
The merfolk impaler is engulfed in a cloud of scalding steam.
The merfolk aquamancer casts a spell at you.
The ball of steam misses you.
The merfolk javelineer throws a javelin.
You block the javelin.
You hear a splash.
Unknown command.
The merfolk impaler is engulfed in a cloud of scalding steam.
The water nymph gestures at you while chanting.
The water rises up and strikes you!
* * * LOW HITPOINT WARNING * * *
Unknown command.
The merfolk aquamancer points at you and mumbles some strange words.
The great wave of water hits you!
You die...

..#≈...#.............§..
..##≈.<................. ....
.≈##≈≈..................#### ....
≈###≈≈.####...........#.(†.## .!.
≈≈#≈≈≈.# ##.........#.#...≈##...
≈≈#≈≈≈.# ##......≈≈..#≈.≈#≈≈##..
≈##≈≈≈.# #..≈..≈≈≈m#..≈≈#≈#..#..
##≈≈≈≈.# ##.≈≈≈≈≈≈≈#≈.≈#tm≈m.#..
#≈≈≈≈...###..≈≈≈@§m≈#≈.#m≈≈.H.#..
≈≈≈≈≈≈......≈≈≈≈§§≈≈##≈≈#mm.#....
≈≈≈≈≈≈≈≈..≈≈≈§§§≈§§m≈##≈..m#.#...
≈≈≈≈≈≈≈≈≈≈≈≈≈≈≈§§≈≈t≈W##.)m)#..(.
≈≈≈≈≈≈≈≈≈≈≈≈≈≈§≈≈≈≈§mmm####)....≈
≈≈≈≈≈≈≈≈≈≈≈≈≈≈≈≈≈≈mmm≈≈†mmmm..)≈≈
≈≈≈≈≈≈≈≈≈≈≈≈≈≈≈≈≈≈≈≈≈≈≈.≈m.∩..≈≈≈
≈≈≈≈≈≈≈≈≈≈≈≈≈≈≈≈≈≈≈≈≈≈≈≈≈≈≈≈≈≈≈≈≈
≈≈≈≈≈≈≈≈≈≈≈≈≈≈≈≈≈≈≈≈≈≈≈≈≈≈≈≈≈≈≈≈≈


You could see 2 merfolk impalers, a merfolk javelineer, a merfolk aquamancer, a
merfolk, a siren and tstbtto's ghost.

Vanquished Creatures
  Vashnia (Snake:4)
  Nikola (Snake:3)
  Asterion (Snake:4)
  Gastronok (D:11)
  Polyphemus (Shoals:2)
  Frances (Snake:2)
  The ghost of tstbtto the Fencer, an adept MiFi of Cheibriados (Snake:3)
  Kirke (D:14)
  7 greater nagas (Snake:4)
  Ilsuiw (Shoals:4)
  An orc warlord (Orc:2)
  Aizul (Snake:4)
  Azrael (D:14)
  2 merfolk javelineers
  Josephine (Lair:5)
  11 merfolk impalers
  2 ice dragons (D:15)
  18 naga warriors
  4 hydras
  3 catoblepae
  A rakshasa (D:14)
  A merfolk avatar (Shoals:3)
  Harold (Lair:3)
  A merfolk aquamancer (Shoals:4)
  An alligator snapping turtle (Shoals:2)
  2 centaur warriors (D:13)
  10 anacondas
  The ghost of 4thArraOfDagon the Cleaver, a novice DrBe of Trog (Orc:2)
  2 satyrs
  7 death yaks
  A deep troll shaman (Lair:6)
  22 naga sharpshooters
  3 shock serpents
  2 orc high priests (Orc:2)
  2 tengu warriors
  An iron troll (D:14)
  8 sea snakes
  A salamander mystic (Snake:4)
  3 skeletal warriors (D:15)
  An unseen horror (D:13)
  12 naga ritualists
  5 hill giants
  11 orc knights
  11 harpies
  A lindwurm (Lair:6)
  13 mana vipers
  A necromancer (IceCv)
  3 oklob plants
  4 orc sorcerers
  10 salamanders
  5 deep elf magi
  18 fauns
  3 griffons
  6 cyclopes
  9 manticores
  An ice statue (IceCv)
  An elephant (shapeshifter) (D:14)
  A centaur zombie (D:13)
  14 elephants
  30 black mambas
  3 water nymphs (Shoals:3)
  6 sirens
  4 guardian serpents
  23 naga magi
  A kobold demonologist (D:14)
  8 spiny frogs
  An efreet (D:14)
  10 komodo dragons
  10 freezing wraiths (IceCv)
  7 trolls
  18 merfolk
  2 tengu conjurers
  A polar bear (shapeshifter) (D:13)
  3 meliai (D:12)
  A queen bee (D:12)
  2 wind drakes
  4 polar bears
  A wolf spider simulacrum (IceCv)
  7 slime creatures
  A hornet zombie (D:15)
  7 snapping turtles
  13 blink frogs
  A vampire (D:13)
  A shadow (D:11)
  6 wraiths
  26 yaks
  A spriggan (D:8)
  3 wyverns
  A fire bat (Volcano)
  A yak (shapeshifter) (D:14)
  8 hippogriffs
  2 basilisks
  3 hogs
  6 water elementals
  A hippogriff (shapeshifter) (D:15)
  2 fire elementals (D:14)
  2 death yak simulacra (IceCv)
  A steam dragon (D:10)
  6 hungry ghosts
  2 vampire mosquitoes (D:12)
  2 wargs
  A mottled dragon (D:11)
  3 hell hounds (D:13)
  40 nagas
  10 water moccasins
  42 orc warriors
  4 porcupines
  Duvessa (D:4)
  7 ice beasts
  A phantom (D:8)
  3 black bears
  2 necrophages
  2 wasps
  7 sky beasts
  An eye of draining (D:13)
  21 wolves
  19 ogres
  11 centaurs
  5 crocodiles
  4 big kobolds
  21 giant frogs
  A gnoll sergeant (D:7)
  Dowan (D:4)
  5 scorpions
  A water moccasin skeleton (D:10)
  34 killer bees
  3 wights (D:15)
  2 howler monkeys
  4 crimson imps
  3 draconian simulacra (IceCv)
  A giant frog zombie (D:9)
  A quasit (D:14)
  7 gnoll shamans
  7 hounds
  25 orc wizards
  13 orc priests
  A jelly (D:9)
  5 centaur skeletons
  3 giant frog skeletons
  10 iguanas
  Natasha (thrice) (D:4 D:7)
  6 worker ants
  A spriggan simulacrum (IceCv)
  8 sheep
  6 troll simulacra (IceCv)
  A killer bee zombie (D:5)
  A wolf simulacrum (IceCv)
  2 centaur simulacra (IceCv)
  A hound zombie (D:8)
  Robin (D:1)
  A worker ant zombie (D:9)
  12 adders
  20 gnolls
  2 howler monkey skeletons
  4 naga simulacra (IceCv)
  42 river rats
  4 ogre simulacra (IceCv)
  7 shadow imps
  11 white imps (IceCv)
  A worker ant simulacrum (D:11)
  2 adder skeletons
  An adder zombie (D:5)
  4 worms
  A dart slug (D:1)
  5 giant geckos
  87 orcs
  5 giant cockroaches
  14 goblins
  8 hobgoblins
  13 jackals
  24 kobolds
  4 quokkas
  A ball python (D:3)
  8 bats
  A giant gecko skeleton (D:6)
  A giant newt (D:6)
  A quokka zombie (D:5)
  11 rats
  4 fungi (D:8)
  3 plants
1162 creatures vanquished.

Vanquished Creatures (others)
  A human (D:14)
  A naga (Snake:4)
  A wasp (D:14)
  An iguana (D:4)
  An orc wizard (Orc:1)
  Terence (D:1)
  A worker ant (D:14)
  2 orcs
  A goblin (D:1)
  14 fungi
  3 plants
27 creatures vanquished.

Grand Total: 1189 creatures vanquished

Notes
Turn   | Place    | Note
-------+----------+-------------------------------------------
     0 | D:1      | inmateoo the Gargoyle Arcane Marksman began the quest for the Orb.
     0 | D:1      | Reached XP level 1. HP: 12/12 MP: 2/2
   414 | D:1      | Reached XP level 2. HP: 14/17 MP: 3/3
   523 | D:1      | Reached skill level 1 in Maces & Flails
  1113 | D:2      | Noticed Terence
  1326 | D:2      | Found a shadowy altar of Dithmenos.
  1349 | D:2      | Reached skill level 2 in Maces & Flails
  1349 | D:2      | Reached XP level 3. HP: 17/21 MP: 4/4
  1738 | D:2      | Noticed Robin
  1749 | D:1      | Gained mutation: You have large cloven feet. [potion of mutation]
  1749 | D:1      | Gained mutation: You are partially covered in thin metallic scales. (AC +2) [potion of mutation]
  1749 | D:1      | Gained mutation: Scrolls take you a little longer to read. [potion of mutation]
  1770 | D:1      | Reached skill level 3 in Maces & Flails
  1774 | D:1      | Reached XP level 4. HP: 8/26 MP: 5/5
  1884 | D:1      | Gained mutation: You are resistant to hostile enchantments. (MR+) [potion of mutation]
  1884 | D:1      | Gained mutation: Scrolls take you longer to read. [potion of mutation]
  2067 | D:1      | Killed Terence
  2173 | D:1      | Killed Robin
  2180 | D:1      | Got a distressingly furry helmet
  2186 | D:1      | Identified the cursed +0 helmet of the Elven Halls {Int+2 Stlth+} (You took it off Robin on level 1 of the Dungeon)
  3416 | D:3      | Reached skill level 4 in Maces & Flails
  3416 | D:3      | Reached XP level 5. HP: 23/30 MP: 6/6
  3734 | D:3      | Reached skill level 5 in Maces & Flails
  4089 | D:3      | Reached XP level 6. HP: 22/35 MP: 7/7
  4348 | D:4      | Noticed Natasha
  4362 | D:4      | Killed Natasha
  4422 | D:4      | Reached skill level 6 in Maces & Flails
  5194 | D:4      | Noticed Duvessa
  5196 | D:4      | Noticed Dowan
  5214 | D:4      | Killed Duvessa
  5214 | D:4      | Reached XP level 7. HP: 36/40 MP: 8/8
  5240 | D:4      | Killed Dowan
  5240 | D:4      | Reached skill level 7 in Maces & Flails
  5511 | D:4      | Found an oddly glowing altar of Pakellas.
  5520 | D:4      | Noticed an orange crystal statue
  5618 | D:4      | Lost mutation: You are resistant to hostile enchantments. (MR+) [mutagenic meat]
  5621 | D:4      | Gained mutation: You are mostly covered in thin metallic scales. (AC +3) [mutagenic meat]
  5624 | D:4      | Gained mutation: Your muscles are strong. (Str +2) [mutagenic meat]
  5627 | D:4      | Lost mutation: Your muscles are strong. (Str +2) [mutagenic meat]
  5630 | D:4      | Gained mutation: You are frail. (-10% HP) [mutagenic meat]
  5643 | D:4      | Noticed Natasha
  5650 | D:4      | Killed Natasha
  5711 | D:4      | Reached skill level 8 in Maces & Flails
  5933 | D:4      | Found a blossoming altar of Fedhas.
  6185 | D:5      | Entered Level 5 of the Dungeon
  6228 | D:5      | Reached XP level 8. HP: 36/39 MP: 9/9
  6244 | D:5      | Reached skill level 1 in Shields
  6282 | D:5      | Found a staircase to the Ecumenical Temple.
  6311 | D:5      | You fall through a shaft for 3 floors!
  6317 | D:8      | Reached skill level 1 in Armour
  6496 | D:8      | Reached skill level 9 in Maces & Flails
  6992 | Temple   | Entered the Ecumenical Temple
  7237 | D:5      | Noticed a troll
  7254 | D:5      | Killed a troll
  7254 | D:5      | Reached XP level 9. HP: 15/46 MP: 10/10
  7593 | D:5      | Gained mutation: You occasionally shout uncontrollably at your foes. [mutagenic meat]
  7596 | D:5      | Gained mutation: Your body sometimes deteriorates upon taking damage. [mutagenic meat]
  7811 | D:5      | Found a shattered altar of Ashenzari.
  7812 | D:5      | Found an iron altar of Okawaru.
  7928 | D:5      | Became a worshipper of Warmaster Okawaru
  8177 | D:6      | Found a white marble altar of Elyvilon.
  8204 | D:6      | Found a hide-covered altar of Uskayaw.
  8232 | D:6      | Reached skill level 10 in Maces & Flails
  8577 | D:6      | Found a glowing golden altar of the Shining One.
  8936 | D:6      | Reached * piety under Okawaru
  8936 | D:6      | Reached skill level 5 in Fighting
  9314 | D:7      | Noticed Natasha
  9320 | D:7      | Killed Natasha
  9347 | D:7      | Reached skill level 5 in Shields
  9450 | D:7      | Reached XP level 10. HP: 26/54 MP: 11/11
  9469 | D:7      | Reached ** piety under Okawaru
  9469 | D:7      | Reached skill level 5 in Armour
  9482 | D:7      | Gained mutation: You are agile. (Dex +2) [mutagenic meat]
  9485 | D:7      | Gained mutation: You passively map a small area around you. [mutagenic meat]
 10025 | D:8      | Reached skill level 11 in Maces & Flails
 10184 | D:8      | HP: 1/54 [ogre/giant club (19)]
 10613 | D:8      | Reached *** piety under Okawaru
 11542 | D:9      | Reached skill level 1 in Invocations
 11688 | D:9      | Reached **** piety under Okawaru
 11714 | D:9      | Noticed a hill giant
 11725 | D:9      | Noticed a tengu warrior
 11754 | D:9      | Killed a tengu warrior
 11754 | D:9      | Reached XP level 11. HP: 60/60 MP: 10/12
 11767 | D:9      | Killed a hill giant
 11787 | D:9      | Noticed a seven-headed hydra
 12048 | D:9      | Reached skill level 12 in Maces & Flails
 12078 | D:9      | Got a translucent mace {venom}
 12083 | D:9      | Identified the +2 mace "Spiderslayer" {venom, Dex+4} (You took it off an orc on level 9 of the Dungeon)
 12224 | D:9      | Killed a seven-headed hydra
 12224 | D:9      | Reached ***** piety under Okawaru
 12576 | D:10     | Entered Level 10 of the Dungeon
 13283 | D:11     | Noticed Gastronok
 13307 | D:11     | Killed Gastronok
 13308 | D:11     | Noticed a hill giant
 13319 | D:11     | Killed a hill giant
 13319 | D:11     | Received a gift from Okawaru
 13571 | D:11     | Found Anat's Gadget Shoppe.
 13807 | D:11     | Reached XP level 12. HP: 16/65 MP: 15/15
 14107 | D:11     | Got a twisted eveningstar
 14108 | D:11     | Identified the +1 eveningstar "Ygoy" {flame, *Rage rElec Int+2} (You found it on level 11 of the Dungeon)
 14270 | D:11     | Received a gift from Okawaru
 14273 | D:11     | Got a pair of smoking gloves {god gift}
 14316 | D:11     | Identified the +0 pair of gloves "Fuzol" {rElec rF++ MR+ Str-3} (Okawaru gifted it to you on level 11 of the Dungeon)
 14681 | D:11     | Found a staircase to the Lair.
 14711 | D:11     | Reached skill level 5 in Invocations
 14997 | D:12     | Reached skill level 13 in Maces & Flails
 15248 | D:12     | Found a staircase to the Orcish Mines.
 15878 | D:13     | Noticed a catoblepas
 16049 | D:13     | Killed a catoblepas
 16428 | Lair:1   | Entered Level 1 of the Lair of Beasts
 16639 | Lair:1   | Found a frozen archway.
 16648 | IceCv    | Entered an ice cave
 16719 | IceCv    | Reached XP level 13. HP: 65/72 MP: 17/17
 16728 | IceCv    | Reached skill level 5 in Dodging
 16891 | IceCv    | Reached ****** piety under Okawaru
 17166 | IceCv    | Got an ivory quarterstaff
 17252 | IceCv    | Received a gift from Okawaru
 17541 | IceCv    | Found an ancient bone altar of Kikubaaqudgha.
 18551 | Lair:2   | Lost mutation: You occasionally shout uncontrollably at your foes. [potion of cure mutation]
 18551 | Lair:2   | Lost mutation: Your body sometimes deteriorates upon taking damage. [potion of cure mutation]
 18551 | Lair:2   | Lost mutation: You are frail. (-10% HP) [potion of cure mutation]
 18551 | Lair:2   | Lost mutation: You passively map a small area around you. [potion of cure mutation]
 18551 | Lair:2   | Lost mutation: You have large cloven feet. [potion of cure mutation]
 18642 | Lair:2   | Reached skill level 14 in Maces & Flails
 19871 | Lair:3   | Noticed Harold
 19893 | Lair:3   | Killed Harold
 19893 | Lair:3   | Received a gift from Okawaru
 19898 | Lair:3   | Got a steaming flail {god gift}
 19901 | Lair:3   | Identified the +3 flail of the Realm of Zot {drain, *Contam rN++ Str+4} (Okawaru gifted it to you on level 3 of the Lair of Beasts)
 19999 | Lair:3   | Found a staircase to the Snake Pit.
 20044 | Lair:3   | Reached skill level 10 in Fighting
 20055 | Lair:3   | Reached skill level 10 in Shields
 20430 | Lair:4   | Found a staircase to the Shoals.
 20749 | Lair:4   | Found an opulent altar of Gozag.
 21204 | Lair:5   | Gained mutation: Your large and strong wings let you fly indefinitely. [Gargoyle growth]
 21204 | Lair:5   | Reached XP level 14. HP: 87/88 MP: 19/19
 21259 | Lair:5   | Found a dark tunnel.
 21287 | Lair:5   | Noticed Josephine
 21369 | Lair:5   | Killed Josephine
 21369 | Lair:5   | Received a gift from Okawaru
 21425 | Volcano  | Entered a volcano
 21882 | Lair:5   | Identified 3 scrolls of acquirement
 22266 | Lair:5   | Found a viscous altar of Jiyva.
 22267 | Lair:5   | Found a staircase to the Slime Pits.
 22312 | Lair:6   | Entered Level 6 of the Lair of Beasts
 22318 | Lair:6   | Got a distressingly furry large shield
 22329 | Lair:6   | Identified the +7 large shield of Geruer {Str+5 Int+3} (You acquired it on level 6 of the Lair of Beasts)
 22509 | Lair:6   | Reached skill level 10 in Armour
 22543 | Lair:6   | Reached skill level 15 in Maces & Flails
 23447 | Orc:1    | Entered Level 1 of the Orcish Mines
 23538 | Orc:2    | Entered Level 2 of the Orcish Mines
 23540 | Orc:2    | Found Baag's Antique Weapon Shop.
 23603 | Orc:2    | Found a staircase to the Elven Halls.
 23729 | Orc:2    | Noticed an orc warlord
 23742 | Orc:2    | Killed an orc warlord
 23788 | Orc:2    | Noticed 4thArraOfDagon's ghost (novice DrBe)
 23803 | Orc:2    | Killed 4thArraOfDagon's ghost
 23869 | Orc:2    | Reached XP level 15. HP: 94/94 MP: 21/21
 23950 | Orc:2    | Found Xaecor's General Store.
 23977 | Orc:2    | Received a gift from Okawaru
 23994 | Orc:2    | Bought a potion of haste for 100 gold pieces
 23994 | Orc:2    | Bought a scroll of identify for 20 gold pieces
 23994 | Orc:2    | Bought a scroll of teleportation for 30 gold pieces
 24006 | Orc:2    | Found Osoly's Book Boutique.
 24024 | Orc:2    | Found Kaytt's Antique Armour Shop.
 24382 | Orc:1    | Found a roughly hewn altar of Beogh.
 24559 | Orc:1    | Found a roughly hewn altar of Beogh.
 25194 | D:13     | Gained mutation: Scrolls take you much longer to read. [mutagenic meat]
 25197 | D:13     | Gained mutation: You are partially covered in rough black scales. (AC +4, Dex -1) [mutagenic meat]
 25203 | D:13     | Gained mutation: Your magical capacity is low. (-10% MP) [mutagenic meat]
 25333 | D:13     | Received a gift from Okawaru
 25343 | D:13     | Got a sapphire great mace {god gift}
 26076 | D:14     | Noticed Azrael
 26095 | D:14     | Killed Azrael
 26389 | D:13     | Gained mutation: You are somewhat resistant to further mutation. [mutagenic meat]
 26410 | D:14     | Reached skill level 16 in Maces & Flails
 26666 | D:14     | Found a gate to the Vaults.
 26711 | D:14     | Noticed Kirke
 27006 | D:14     | Killed Kirke
 27006 | D:14     | Received a gift from Okawaru
 27344 | D:15     | Entered Level 15 of the Dungeon
 27346 | D:15     | Found a portal to a secret trove of treasure.
 27625 | D:15     | Gained mutation: You are robust. (+10% HP) [mutagenic meat]
 28040 | D:15     | Reached XP level 16. HP: 77/111 MP: 15/21
 28041 | D:15     | Found a staircase to the Depths.
 28370 | Snake:1  | Entered Level 1 of the Snake Pit
 28527 | Snake:1  | Reached skill level 10 in Invocations
 29145 | Snake:1  | Received a gift from Okawaru
 29769 | Snake:2  | Found a hide-covered altar of Uskayaw.
 29893 | Snake:2  | Noticed Frances
 29905 | Snake:2  | Killed Frances
 29973 | Snake:2  | Found Poseang's Armour Shoppe.
 30191 | Snake:3  | Noticed tstbtto's ghost (adept MiFi)
 30298 | Snake:3  | Killed tstbtto's ghost
 30655 | Snake:3  | Reached skill level 17 in Maces & Flails
 30743 | Snake:3  | Noticed Nikola
 30758 | Snake:3  | Killed Nikola
 30758 | Snake:3  | Received a gift from Okawaru
 30808 | Snake:3  | Reached XP level 17. HP: 110/118 MP: 20/22
 30894 | Snake:3  | Received a gift from Okawaru
 31303 | Snake:4  | Entered Level 4 of the Snake Pit
 31303 | Snake:4  | Noticed Asterion
 31305 | Snake:4  | Noticed Aizul
 31314 | Snake:4  | Killed Asterion
 31326 | Snake:4  | Killed Aizul
 31358 | Snake:4  | Found Naduawk's Jewellery Boutique.
 31362 | Snake:4  | Found Lymiarph's Gadget Shop.
 31363 | Snake:4  | Found Mef Zoosoiq's Antique Weapon Boutique.
 31842 | Snake:4  | Noticed Vashnia
 31969 | Snake:4  | Killed Vashnia
 31969 | Snake:4  | Received a gift from Okawaru
 32299 | Snake:4  | Received a gift from Okawaru
 32360 | Snake:4  | Reached skill level 18 in Maces & Flails
 32360 | Snake:4  | Reached XP level 18. HP: 125/125 MP: 22/24
 32566 | Snake:4  | Got a serpentine rune of Zot
 32597 | Snake:4  | Received a gift from Okawaru
 32772 | Shoals:1 | Entered Level 1 of the Shoals
 32822 | Shoals:1 | Found Zulef's Magic Scroll Boutique.
 33356 | Shoals:2 | Found Uguith's Antique Armour Shoppe.
 33365 | Shoals:2 | Bought a faintly glowing scale mail for 270 gold pieces
 33368 | Shoals:2 | Identified the +1 scale mail of Huoj Lople {+Fly rF+ Str-2} (You bought it in a shop on level 2 of the Shoals)
 33398 | Shoals:2 | Noticed Polyphemus
 33420 | Shoals:2 | Reached skill level 10 in Dodging
 33432 | Shoals:2 | Killed Polyphemus
 33659 | Shoals:2 | Found Edo Dach's Distillery.
 33664 | Shoals:2 | Bought a potion of curing for 54 gold pieces
 33664 | Shoals:2 | Bought a potion of curing for 54 gold pieces
 33664 | Shoals:2 | Bought a potion of curing for 54 gold pieces
 33664 | Shoals:2 | Bought a potion of mutation for 45 gold pieces
 33664 | Shoals:2 | Bought a potion of mutation for 45 gold pieces
 33664 | Shoals:2 | Bought a potion of agility for 72 gold pieces
 33664 | Shoals:2 | Bought a potion of resistance for 180 gold pieces
 33666 | Shoals:2 | Gained mutation: You have a beak for a mouth. [potion of mutation]
 33667 | Shoals:2 | Lost mutation: You are robust. (+10% HP) [potion of mutation]
 34586 | Shoals:3 | Found Imiyrip's Gadget Boutique.
 34856 | Shoals:4 | Entered Level 4 of the Shoals
 35034 | Shoals:4 | Found Moecusud's Antique Weapon Boutique.
 35041 | Shoals:4 | Noticed Ilsuiw
 35060 | Shoals:4 | Received a gift from Okawaru
 35123 | Shoals:4 | Killed Ilsuiw
 35123 | Shoals:4 | Reached XP level 19. HP: 98/120 MP: 20/25
 35198 | Shoals:4 | Noticed tstbtto's ghost (adept MiFi)
 35220 | Shoals:4 | Killed from afar by a merfolk aquamancer

Vault maps used:
D:1:      shiori_arrival_oz, st_stairs_6, minmay_pentomino_w2
D:2:      nicolae_dithmenos_shadow_blocks, minmay_tree_intersection,
          uniq_terence, uniq_robin
D:3:      first_bread
D:4:      fedhas_altar_fruit_tree, gammafunk_pakellas_statue_experiment,
          uniq_natasha, uniq_duvessa
D:5:      gammafunk_temple_overflow_statue, gup_sewer_entry_spiral
D:6:      elyvilon_altar_4, lemuel_round_altar, basic_altar,
          hangedman_decor_growths
D:7:      eino_tiny_chamber
D:8:      kennysheep_seaside_town, the_bakery
D:9:      nicolae_whirlpool, minivault_28
D:11:     minmay_tri_box, david_lair_shrubbed, serial_shops, shop,
          uniq_gastronok
D:12:     orc_0_dummy, special_room, disabler_island
D:14:     david_vaults_4, uniq_kirke, uniq_azrael
D:15:     grunt_enter_depths_hoard, nicolae_trove_entry_crossroad, fountainhead
Temple:   regret_index_temple_waves
Lair:1:   portal_ice_cave_entry_pillars_2
Lair:2:   infiniplex_staircase_pool
Lair:3:   minmay_snake_entry_guardpost_large, grunt_megastairs_2, uniq_harold
Lair:4:   elwin_shoals_entry_rocks, lemuel_oklob_altar
Lair:5:   dpeg_slime_entry_enclosed_altar, nicolae_volcano_entry_s_turn,
          uniq_josephine
Lair:6:   grunt_lair_end_beastmaster, grunt_forest_large_clearings
Shoals:1: serial_shops, shop
Shoals:2: serial_shops, shop, nicolae_shoals_c_island, uniq_polyphemus
Shoals:3: serial_shops, shop
Shoals:4: shoals_end_grunt_ice, shoals_ilsuiw_alternative, serial_shops, shop,
          uniq_jorgrun, uniq_roxanne
Snake:2:  serial_shops, shop, basic_altar, nrook_guardian_serpent_double,
          uniq_frances
Snake:3:  uniq_nikola
Snake:4:  snake_pit, nicolae_large_snake_swirl, minmay_shop_star, uniq_aizul,
          uniq_vashnia, uniq_asterion
Orc:1:    special_room, mines2_david
Orc:2:    grunt_orc_gardens, grunt_orc_garden, grunt_orc_garden,
          grunt_orc_garden, grunt_orc_garden
IceCv:    ice_cave_small_necro
Volcano:  volcano_village

Skill      XL: |  1  2  3  4  5  6  7  8  9 10 11 12 13 14 15 16 17 18 19 |
---------------+----------------------------------------------------------+-----
Fighting       | 2 4 5 7 9 10 11 12 13 14 | 14.0
Maces & Flails | 2 3 4 5 6 8 9 10 11 12 13 14 15 16 17 18 | 18.8
Shields        | 3 5 6 8 9 10 11 12 13 14 | 14.1
Armour         | 3 4 6 7 8 9 10 11 12 13 14 | 14.0
Invocations    | 2 4 6 7 8 9 10 11 12 | 12.4
Dodging        | 2 3 4 6 7 8 9 10 | 10.4
Throwing       | |  1.7
Spellcasting   | |  1.0
Hexes          | |  2.6

Action                   |  1- 3 |  4- 6 |  7- 9 | 10-12 | 13-15 | 16-18 | 19-21 || total
-------------------------+-------+-------+-------+-------+-------+-------+-------++-------
Melee: Unarmed           |    79 |       |       |       |    12 |       |       ||    91
       Club              |   156 |       |       |       |       |       |       ||   156
       Kick              |     3 |    24 |       |       |       |       |       ||    27
       Whip              |       |   134 |       |       |       |       |       ||   134
       Dagger            |       |   237 |    79 |       |       |       |       ||   316
       Flail             |       |       |   442 |   465 |   354 |       |       ||  1261
       Mace              |       |       |       |   681 |   358 |       |       ||  1039
       Eveningstar       |       |       |       |    38 |  1226 |  1604 |    47 ||  2915
       Peck              |       |       |       |       |       |    81 |     4 ||    85
Throw: Javelin           |       |       |     2 |       |       |       |       ||     2
Invok: Heroism           |       |       |       |     2 |     6 |     9 |     1 ||    18
       Finesse           |       |       |       |       |     2 |     2 |     1 ||     5
 Abil: Fly               |       |       |       |       |       |     1 |       ||     1
Evoke: Wand              |       |       |       |     9 |    10 |       |     1 ||    20
       Fan of gales      |       |       |       |       |       |       |     1 ||     1
  Use: Potion            |     5 |     1 |     1 |     1 |     2 |     3 |       ||    13
       Scroll            |     1 |    12 |     9 |     7 |    15 |    14 |       ||    58
  Eat: Chunk             |     2 |     9 |    17 |    24 |    41 |       |       ||    93
       Pizza             |       |     1 |     1 |       |       |     2 |       ||     4
       Beef jerky        |       |     1 |       |       |     1 |     1 |       ||     3
       Meat ration       |       |       |     2 |     1 |       |     2 |       ||     5
       Fruit             |       |       |     1 |     3 |    11 |    20 |       ||    35
       Royal jelly       |       |       |       |       |       |     1 |       ||     1
Armor: Chain mail        |   247 |   304 |   370 |   549 |   436 |       |       ||  1906
       Plate armour      |       |       |       |       |   525 |   533 |    87 ||  1145
       Scale mail        |       |       |       |       |    34 |       |       ||    34
Dodge: Dodged            |    95 |   124 |   187 |   251 |   418 |   188 |    66 ||  1329
Block: Buckler           |       |       |    93 |     1 |       |       |       ||    94
       Shield            |       |       |       |   562 |   520 |       |       ||  1082
       Large shield      |       |       |       |       |  1143 |  1818 |   200 ||  3161
